 Dungeon Sprint DCSS version 0.31-a0-1084-gb392501acf (webtiles) character file.

Game seed: 5458330142070057633

2124 CrazyBamboolord the Jinx (level 9, -17/41 HPs)
             Began as a Felid Enchanter on Nov 28, 2023.
             Was a Follower of Jiyva.
             Shot with an arrow by a centaur warrior (31 damage)
             ... in the Dungeon (Sprint I: "Red Sonja").
             The game lasted 00:05:06 (413 turns).

CrazyBamboolord the Jinx (Felid Enchanter)           Turns: 413, Time: 00:05:07

Health: -17/41     AC:  2    Str:  4    XL:     9   Next: 8%
Magic:  19/19      EV: 24    Int: 16    God:    Jiyva [*.....]
Gold:   30         SH:  0    Dex: 21    Spells: 12/20 levels left
                                        Lives:  0   Deaths: 2

rFire   . .          .
                       - Unarmed
rCold   . . .        (shield unavailable)
rNeg    . . .        (body armour unavailable)
rPois   .            (helmet unavailable)
rElec   .            (cloak unavailable)
rCorr   .            (gloves unavailable)
SInv    +            (boots unavailable)
Will    +....        (no amulet)
Stlth   ++++++       (no ring)
HPRegen 1.06/turn    (no ring)
MPRegen 0.41/turn

%: no teleportation
@: quick
A: very small, claws 1, fangs 3, see invisible, speed 1, shaggy fur 2, stealthy
paws, no weapons or thrown items, no armour, multi-lived
a: Renounce Religion


You were in the Dungeon.
You worshipped Jiyva.
Jiyva was aware of your devotion.
You visited 1 branch You collected 380 gold pieces.
You spent 350 gold pieces at shops.

Inventory:

Scrolls
 g - a scroll of blinking
 h - a scroll of revelation
Potions
 b - 2 potions of curing
 d - a potion of haste
 e - 2 potions of magic


   Skills:
 + Level 5.7 Fighting
 + Level 8.5 Dodging
 * Level 14.0 Stealth
 * Level 8.2 Unarmed Combat
 + Level 6.3 Spellcasting
 * Level 14.1 Hexes
 + Level 4.9 Ice Magic
 + Level 6.0 Evocations


You had 12 spell levels left.
You knew the following spells:

 Your Spells              Type           Power      Damage    Failure   Level
a - Confusing Touch       Hex            50%        N/A       1%          3
b - Tukima's Dance        Hex            50%        N/A       1%          3
c - Ensorcelled Hibernat  Hex/Ice        70%        N/A       1%          2

Your spell library contained the following spells:

 Spells                   Type           Power      Damage    Failure   Level
 Dazzling Flash           Conj/Hex       54%        N/A       2%          3


Dungeon Overview and Level Annotations

Branches:
Dungeon (1/1)

Altars:
Cheibriados
Dithmenos
Elyvilon
Fedhas
Gozag
Hepliaklqana
Kikubaaqudgha
Makhleb
Nemelex Xobeh
Okawaru
Qazlal
Ru
Sif Muna
Trog
Uskayaw
Vehumet
Wu Jian
Xom
Yredelemnul
Zin
The Shining One
Jiyva
Lugonu

Shops:
D **![[([


Innate Abilities, Weirdness & Mutations

You have sharp claws.
You have razor-sharp teeth.
You have supernaturally acute eyesight. (SInv)
You cover ground quickly. (Speed+)
You are covered in thick fur. (AC +2)
Your paws help you pounce on unaware monsters.
You are incapable of wielding weapons or throwing items.
You cannot wear armour.
You gain extra lives every three experience levels.


Message History

There is an open door, spattered with blood here.
Things that are here:
a +0 club; a +0 scale mail; the goblin skeleton of Ijyb
There is an open door, spattered with blood here.
Things that are here:
a +0 giant club; an ogre skeleton A demonic crawler comes into view.
There is an open door, spattered with blood here.
Things that are here:
a +0 giant club; an ogre skeleton
There is an open door, spattered with blood here.
Things that are here:
a +0 club; a +0 scale mail; the goblin skeleton of Ijyb
There is an open door, spattered with blood here.
Things that are here:
a +0 giant club; an ogre skeleton
There is an open door here.
There is an open door here.
The centaur warrior shouts!
The centaur warrior wields a +0 orcbow.
The centaur warrior shoots an arrow.
The arrow closely misses you.
You see here the felid corpse of CrazyBamboolord.
The centaur warrior shoots an arrow.
The arrow hits you!
There is an open door, spattered with blood here.
The centaur warrior throws a stone.
The stone completely misses you.
The centaur warrior throws a stone.
The stone hits you!
There is a shimmering blue altar of Sif Muna here.
The centaur warrior throws a stone.
The stone completely misses you.
The centaur warrior throws a stone.
The stone barely misses you.
The centaur warrior shouts!
The centaur warrior wields a +0 shortbow.
The centaur warrior shoots an arrow.
The arrow closely misses you.
There is an open door here.
You close the door.
The centaur warrior shoots an arrow.
The arrow closely misses you.
The centaur warrior shoots an arrow.
The arrow hits you!
* * * LOW HITPOINT WARNING * * *
The centaur warrior shoots an arrow.
The arrow hits you!!
Ouch! That really hurt!
You die...

#..#####'#####'#__####,,,,,,*,*
#..####..#...#§####..####*,,+,*
#..#__####..##c#§§§..#§.#*+****
#..#___s_##'#§§§§§§§.'..#,,,,,*
#⌠⌠#_†∩...'s.._#§~~G.#G.#,,,,,+
####_..__##_.#'##'#####'#**,,,*
*,,#_____###+#.#..§.###.+,*,,,*
############.####G###.###,*,,**
#∩............@.....'.∩#*,*,,**
###....####...##########*,**+*,
#.......####.###.n..,,,**,**,*,
#.....G..#G#c#.#....,,,,',****,
#..#G....#...G.#.n'#*****,*,,+,
#.......G#...G.#..s.,,,,*,*****
#.....#..#######....,,,*,,*,,,*
#......G.##/:[......,,~****,,,,
#..#..G.G#*,,,,,,,,,,~~**,,,,,,


You could see a centaur warrior (vitrified) and a neutral shining eye
(wandering) (fellow slime).

Vanquished Creatures
  Sonja (D)
  A deep troll (D)
  An oklob plant (D)
  A hornet (D)
  Sigmund (D)
  A yak (D)
  An ogre (D)
  A jelly (D)
  Ijyb (D)
  A ballistomycete spore (D)
10 creatures vanquished.

Vanquished Creatures (others)
  A shining eye (D)
  A slime creature (D)
  2 glass eyes (D)
  2 necrophages (D)
  7 jellies (D)
  A ballistomycete spore (D)
14 creatures vanquished.

Grand Total: 24 creatures vanquished

Notes
Turn   | Place    | Note
-------+----------+-------------------------------------------
     0 | D        | CrazyBamboolord the Felid Enchanter began the quest for the
                  | Orb.
     0 | D        | Reached XP level 1. HP: 7/7 MP: 4/4
     1 | D        | Noticed Ijyb
    11 | D        | Killed Ijyb
    12 | D        | Reached XP level 2. HP: 11/11 MP: 4/6
    31 | D        | Noticed an ogre
    34 | D        | Killed an ogre
    35 | D        | Reached XP level 3. HP: 14/14 MP: 7/9
    35 | D        | Reached XP level 4. HP: 18/18 MP: 7/10
    40 | D        | Learned a level 3 spell: Confusing Touch
    44 | D        | Learned a level 3 spell: Tukima's Dance
    47 | D        | Learned a level 2 spell: Ensorcelled Hibernation
    74 | D        | Noticed Sigmund
    80 | D        | Killed Sigmund
    81 | D        | Reached skill level 5 in Dodging
    81 | D        | Reached skill level 10 in Stealth
    81 | D        | Reached skill level 10 in Hexes
    81 | D        | Reached XP level 5. HP: 10/23 MP: 10/12
    81 | D        | Gained mutation: You are covered in thick fur. (AC +2)
                  | [Felid growth]
    81 | D        | Reached XP level 6. HP: 12/27 MP: 10/13
   152 | D        | Found a shimmering blue altar of Sif Muna.
   153 | D        | Found an ornate altar of the Wu Jian Council.
   154 | D        | Found a radiant altar of Vehumet.
   186 | D        | Found a viscous altar of Jiyva.
   186 | D        | Found a corrupted altar of Lugonu.
   186 | D        | Noticed a slime creature
   187 | D        | Found a burning altar of Makhleb.
   187 | D        | Found a shimmering altar of Xom.
   189 | D        | Became a worshipper of Jiyva Jiytif the Shapeless
   198 | D        | Found Jodaonn's Antique Armour Emporium.
   198 | D        | Found an ancient bone altar of Kikubaaqudgha.
   198 | D        | Found a hazy altar of Hepliaklqana.
   198 | D        | Found a stormy altar of Qazlal.
   198 | D        | Found a hide-covered altar of Uskayaw.
   198 | D        | Found a blossoming altar of Fedhas.
   198 | D        | Found a bloodstained altar of Trog.
   198 | D        | Found an iron altar of Okawaru.
   198 | D        | Found a basalt altar of Yredelemnul.
   198 | D        | Found a glowing golden altar of the Shining One.
   198 | D        | Found a snail-covered altar of Cheibriados.
   198 | D        | Found a sacrificial altar of Ru.
   198 | D        | Found a glowing silver altar of Zin.
   198 | D        | Found a shadowy altar of Dithmenos.
   198 | D        | Found a white marble altar of Elyvilon.
   198 | D        | Noticed a yak
   199 | D        | Found an opulent altar of Gozag.
   200 | D        | Killed a yak
   201 | D        | Reached skill level 5 in Unarmed Combat
   201 | D        | Found a sparkling altar of Nemelex Xobeh.
   216 | D        | Noticed Sonja
   216 | D        | Noticed a glass eye
   218 | D        | Noticed a shining eye
   218 | D        | Noticed a glass eye
   219 | D        | Noticed a shining eye
   220 | D        | Killed Sonja
   221 | D        | Reached skill level 5 in Spellcasting
   221 | D        | Reached XP level 7. HP: 33/33 MP: 14/16
   226 | D        | Noticed a shining eye
   227 | D        | Found Gasenaru's Assorted Antiques.
   227 | D        | Noticed a shining eye
   238 | D        | Killed a slime creature
   253 | D        | Reached * piety under Jiyva
   253 | D        | Noticed a shining eye
   254 | D        | Noticed a glass eye
   256 | D        | Noticed a glass eye
   262 | D        | Noticed a shining eye
   264 | D        | Noticed a shining eye
   264 | D        | Noticed a shining eye
   266 | D        | Found Baorphiadd's Distillery.
   266 | D        | Found Hirung's Weapon Boutique.
   268 | D        | Found Wahaj's Armour Shop.
   269 | D        | Found Reew's General Store.
   274 | D        | Bought 2 scrolls of revelation for 180 gold pieces
   276 | D        | Bought a potion of curing for 30 gold pieces
   276 | D        | Bought a potion of haste for 100 gold pieces
   276 | D        | Bought a potion of might for 40 gold pieces
   279 | D        | Killed a glass eye
   299 | D        | Noticed a deep troll
   301 | D        | Killed a shining eye
   302 | D        | Found the +1 robe of Vines {NoPotionHeal Regen++++}
   302 | D        | Noticed a redback
   302 | D        | Noticed an unseen horror
   306 | D        | Killed a deep troll
   307 | D        | Reached skill level 5 in Fighting
   307 | D        | Reached skill level 5 in Evocations
   307 | D        | Reached XP level 8. HP: 37/37 MP: 15/17
   307 | D        | Found Capepteu's Armour Emporium.
   308 | D        | Noticed a centaur warrior
   326 | D        | Noticed a hornet
   327 | D        | Noticed an oklob plant
   329 | D        | Killed a hornet
   338 | D        | Killed an oklob plant
   339 | D        | Reached XP level 9. HP: 41/41 MP: 19/19
   350 | D        | Noticed a centaur warrior
   353 | D        | Noticed a demonic crawler
   355 | D        | Noticed a demonic crawler
   358 | D        | Noticed a kobold demonologist
   361 | D        | Slain by a centaur warrior
   376 | D        | Slain by a demonic crawler
   386 | D        | Noticed a demonic crawler
   413 | D        | Shot with an arrow by a centaur warrior

Illustrated notes

Levels and vault maps discovered:
D:        dungeon_sprint_1 [red_sonja_temple_1, red_sonja_temple_small_1]

Skill      XL: |  1  2  3  4  5  6  7  8 |
---------------+-------------------------+-----
Dodging        | 3 4 5 7 8 |  8.5
Stealth        | 6 8 10 12 13 14 | 14.0
Hexes          | 6 8 10 12 13 14 | 14.1
Spellcasting   | 3 4 5 6 |  6.3
Fighting       | 2 4 5 |  5.7
Unarmed Combat | 4 6 7 8 |  8.2
Ice Magic      | 2 3 4 |  4.9
Evocations     | 2 4 5 6 |  6.0

Action                     |  1- 3 |  4- 6 |  7- 9 || total
---------------------------+-------+-------+-------++-------
  Melee: Unarmed           |     4 |     5 |    14 ||    23
         Bite              |     1 |       |     2 ||     3
         Punch             |       |       |     1 ||     1
   Cast: Ensorcelled Hiber |       |       |     1 ||     1
  Evoke: Wand              |     1 |     2 |     4 ||     7
    Use: Potion            |     2 |       |     4 ||     6
         Scroll            |       |       |     1 ||     1
   Stab: Sleeping          |     1 |     4 |     3 ||     8
         Invisible         |     1 |       |       ||     1
         Paralysed         |     2 |     1 |     1 ||     4
 Armour: Skin              |     1 |     1 |    25 ||    27
  Dodge: Dodged            |     2 |     1 |    30 ||    33

Table legend: (Time is in decaauts)
 A = Elapsed time spent in this place.
 B = Non-inter-level travel time spent in this place.
 C = Inter-level travel time spent in this place.
 D = Time resting spent in this place.
 E = Time spent auto-exploring this place.
 F = Levels seen in this place.
 G = Mean time per level.
                   A        B        C        D        E       F      G
               +--------+--------+--------+--------+--------+-----+--------+
         Total |    370 |    352 |     18 |     85 |      0 |   1 |  370.0 |
       Dungeon |    370 |    352 |     18 |     85 |      0 |   1 |  370.0 |
               +--------+--------+--------+--------+--------+-----+--------+

Top non-repeatable levels by time:
       D: 370 daAuts
